 Dungeon Crawl Stone Soup version 0.28-a0-1524-ge72afd5fc6 (webtiles) character file.

Game seed: 11051434409389678404

12 psuckher the Sneak (level 2, -1/25 HPs)
             Began as a Barachi Delver on Jan 17, 2022.
             Slain by a hound (4 damage)
             ... on level 5 of the Dungeon.
             The game lasted 00:00:56 (275 turns).

psuckher the Sneak (Barachi Delver)                  Turns: 275, Time: 00:00:57

Health: -1/25      AC:  4    Str: 13    XL:     2   Next: 33%
Magic:  2/2        EV: 12    Int: 10    God:
Gold:   28         SH:  0    Dex: 13    Spells: 1/1 levels left

rFire   . . .      SeeInvis .   a - +0 short sword
rCold   . . .      Faith    .   (no shield)
rNeg    . . .      Spirit   .   b - +0 leather armour
rPois   .          Reflect  .   h - +0 helmet
rElec   .          Harm     .   (no cloak)
rCorr   .          Rampage  .   (no gloves)
Will    .....                   (no boots)
Stlth   +++.......              (no amulet)
HPRegen 0.08/turn               (no ring)
MPRegen 0.08/turn               (no ring)

@: slow
A: amphibious, slowness 1, strong legs 1, +LOS
a: Hop


You were on level 5 of the Dungeon.
You visited 1 branch of the dungeon, and saw 1 of its levels.

You collected 28 gold pieces.

Inventory:

Hand Weapons
 a - a +0 short sword (weapon)
Armour
 b - a +0 leather armour (worn)
 h - a +0 helmet (worn)
Wands
 g - a wand of digging (3)
Scrolls
 c - a scroll of fog
 e - a scroll of fear
Potions
 d - a potion of lignification {unknown}
 f - a potion of haste


   Skills:
 + Level 3.8 Fighting
 + Level 2.3 Short Blades
 + Level 0.2 Armour
 + Level 2.3 Dodging
 + Level 4.8 Stealth


You had one spell level left.
You didn't know any spells.
Your spell library was empty.

Dungeon Overview and Level Annotations

Branches:
Dungeon (5/15)
 Temple: D:4-7

Altars:


Innate Abilities, Weirdness & Mutations

You are amphibious.
You cover ground slowly.
You can hop short distances.
You have an extended range of vision and can be seen from far away.


Message History

The hound bites you. x2
You hit the hound but do no damage.
The hound is heavily wounded.
The hound bites you but does no damage.
You barely miss the hound.
The hound is heavily wounded.
The hound barely misses you.
You closely miss the hound.
The hound is heavily wounded.
The hound closely misses you. x2
You hit the hound.
The hound is severely wounded.
The hound bites you.
* * * LOW HITPOINT WARNING * * *
You closely miss the hound.
The hound is severely wounded.
The hound bites you but does no damage. The hound bites you.
* * * LOW HITPOINT WARNING * * *
You barely miss the hound.
The hound is severely wounded.
The hound bites you.
* * * LOW HITPOINT WARNING * * *
You closely miss the hound.
The hound is severely wounded.
The hound completely misses you. The hound closely misses you.
You hit the hound.
The hound is almost dead.
The hound closely misses you.
You hit the hound but do no damage.
The hound is almost dead.
The hound bites you.
* * * LOW HITPOINT WARNING * * *
The hound bites you but does no damage.
You miss the hound.
The hound is almost dead.
The hound barely misses you.
You barely miss the hound.
The hound is almost dead.
The hound bites you.
You die...

** *,* ,* *,*
,##*,*###
,,..,*#.#
.###.##.##
.........#########
,***,*#..........#
,,,,,,#.########.#
..##..#........#@#
......#.######.#h#
......#.#*****,#.#
......#.#,,,,*,#.#
..#..##.#,**,*,#.#
.........,**,*,#.#
.....##.#,**,*,#.#
,#...##.#***,#.#.#
,#...)..# *,#.#.#


You could see a hound.

Vanquished Creatures
  A hound skeleton (D:5)
1 creature vanquished.

Notes
Turn   | Place    | Note
-------+----------+-------------------------------------------
     0 | D:5      | psuckher the Barachi Delver began the quest for the Orb.
     0 | D:5      | Reached XP level 1. HP: 18/18 MP: 1/1
    54 | D:5      | Reached XP level 2. HP: 4/25 MP: 2/2
   275 | D:5      | Slain by a hound

Illustrated notes

Levels and vault maps discovered:
D:5:      layout_basic, minivault_5, uniq_grinder, uniq_pikel

Action                   || total
-------------------------++-------
Melee: Short sword       ||    36
  Use: Scroll            ||     1
Armor: Leather armour    ||    11
Dodge: Dodged            ||    19

Table legend: (Time is in decaauts)
 A = Elapsed time spent in this place.
 B = Non-inter-level travel time spent in this place.
 C = Inter-level travel time spent in this place.
 D = Time resting spent in this place.
 E = Time spent auto-exploring this place.
 F = Levels seen in this place.
 G = Mean time per level.
                   A        B        C        D        E       F      G
               +--------+--------+--------+--------+--------+-----+--------+
         Total |    320 |    320 |      0 |      0 |      0 |   1 |  320.0 |
       Dungeon |    320 |    320 |      0 |      0 |      0 |   1 |  320.0 |
               +--------+--------+--------+--------+--------+-----+--------+

Top non-repeatable levels by time:
     D:5: 320 daAuts
